 Dungeon Crawl Stone Soup version 0.17-a0-1403-g9df874c (webtiles) character file.

23 zeke the Firebug (level 2, 0/20 HPs)
             Began as a Draconian Fire Elementalist on June 21, 2015.
             Slain by a ball python (2 damage)
             ... on level 2 of the Dungeon.
             The game lasted 00:02:36 (608 turns).

zeke the Firebug (Draconian Fire Elementalist)       Turns: 608, Time: 00:02:36

Health: 0/20       AC:  4    Str: 10    XL:     2   Next: 72%
Magic:  1/5        EV: 12    Int: 15    God:
Gold:   14         SH:  0    Dex: 11    Spells: 1 memorised, 4 levels left

rFire  . . .     SeeInvis .     l - +0 dagger
rCold  . . .     Clarity  .     (armour unavailable)
rNeg   . . .     SustAt   .     (no shield)
rPois  .         Gourm    .     (helmet restricted)
rElec  .         Spirit   .     (no cloak)
rCorr  .         Warding  .     (no gloves)
rMut   .         Stasis   .     (no boots)
MR     .....                    (no amulet)
Stlth  ++........               (no ring)
                                (no ring)

@: lethally poisoned (0 -> -11), very slightly contaminated, not resistant to
hostile enchantments, unstealthy
A: unfitting armour, cold-blooded, AC +4
a: no special abilities


You were on level 2 of the Dungeon.
You were not hungry.

You visited 1 branch of the dungeon, and saw 2 of its levels.

You collected 14 gold pieces.

Inventory:

Hand weapons
 l - a +0 dagger (weapon)
Jewellery
 m - an uncursed amulet of warding {unknown}
Scrolls
 d - a scroll of enchant weapon {unknown}
 e - a scroll of identify {unknown}
 h - a scroll of random uselessness {unknown}
 i - a scroll of teleportation {unknown}
 k - a scroll of remove curse {unknown}
Potions
 f - 2 potions of curing {unknown}
 g - a potion of cure mutation {unknown}
 j - a potion of heal wounds {unknown}
Books
 a - a book of Flames

   Spells                             Type                      Level
   a - Flame Tongue                   Conjuration/Fire             1
   b - Throw Flame                    Conjuration/Fire             2
   c - Conjure Flame                  Conjuration/Fire             3
   d - Inner Flame                    Hexes/Fire                   3
   e - Sticky Flame                   Conjuration/Fire             4
   f - Fireball                       Conjuration/Fire             5
Comestibles
 b - a bread ration
 c - 7 chunks of flesh


   Skills:
 - Level 2.0 Dodging
 + Level 2.1 Stealth
 - Level 0.2 Unarmed Combat
 + Level 2.2 Spellcasting
 + Level 1.4 Conjurations
 + Level 3.3 Fire Magic


You had 4 spell levels left.
You knew the following spells:

 Your Spells              Type           Power        Failure   Level  Hunger
a - Flame Tongue          Conj/Fire      #....        12%         1    #......


Dungeon Overview and Level Annotations

Branches:
Dungeon (2/15)

Altars:


Innate Abilities, Weirdness & Mutations

Your plain brown scales are hard (AC +4).
Your body does not fit into most forms of armour.
You are cold-blooded and may be slowed by cold attacks.


Message History

The ball python constricts you. The adder bites you.
You are lethally poisoned!
The adder poisons you!
Your attempt to break free from the ball python fails, but you feel that another attempt might succeed.
You feel sick.
The ball python bites you but does no damage.
The ball python constricts you. The adder bites you.
* * * LOW HITPOINT WARNING * * *
The ball python misses you. The ball python constricts you.
Your attempt to break free from the ball python fails, but you feel that another attempt might succeed.
* * * LOW HITPOINT WARNING * * *
You feel sick. The adder barely misses you.
The ball python bites you but does no damage.
The ball python constricts you. The adder barely misses you.
You escape the ball python's grasp.
* * * LOW HITPOINT WARNING * * *
You feel sick.
* * * LOW HITPOINT WARNING * * *
You feel sick. The ball python bites you.
You die...

#.##.## #.#
#.##.####.### ##
#......>..... ...#
####'#####.## ...#
##...## #.# ...#
##.....###.# ...#
#.......##.###...#
#.........#.##....#.##
+.........'.@S...>....
#.........#..S....#.#
##.......####.....#
##.....## #.#.#.#
##...## #.#.# # ##+#
#.#.# #.... ###.# .#


You could see an adder and a ball python.

Vanquished Creatures
  4 goblins
  4 hobgoblins
  2 kobolds (D:1)
  4 bats (D:1)
  A giant newt (D:1)
  2 jackals (D:1)
  4 rats (D:1)
21 creatures vanquished.

Notes
Turn   | Place    | Note
--------------------------------------------------------------
     0 | D:1      | zeke the Draconian Fire Elementalist began the quest for the Orb.
     0 | D:1      | Reached XP level 1. HP: 14/14 MP: 3/3
   179 | D:1      | Reached XP level 2. HP: 18/20 MP: 0/5
   462 | D:1      | You fall through a shaft!
   608 | D:2      | Slain by a ball python

Vault maps used:
D:1:      dpeg_arrival_signposts, minivault_14
D:2:      minmay_misc_feat_x, bh_walls_and_bars

Action                   || total
-------------------------++-------
Melee: Unarmed           ||    16
       Dagger            ||     2
 Cast: Flame Tongue      ||    31
